Unix NetHack Version 5.0.0-0 post-release - last build Jun 10 2026 00:39:30 (3ee93aec679c4c4259841fe613dc97188e26a321,branch:main).

Game began 2026-06-22 18:28:08, ended 2026-06-23 00:23:11.

Drastanta, lawful female human Priestess

                                                             ---      ---
                           ----                        -------.-- -----.--
                           |..--                      --..--..."| |......|
                           |...|         -----       --........-- |......|
                           |...|  ---    |...|       .......---- --..|.-.|
                           |...----.------...|       -0.....--   |..-|...--
                     ..    |.....|...|.-|...--       |.......--- |..||.0..---
                    ...-----.|.|........|.-.|        |.........------|(.....|
                    ...%..q@.|.|---.....|...--       |.|..---%....|  |......--
                    .....---...|  --.........|----   |.|--- |.....|  |.......|
                     ..... |...    --..-----.|...|   |.|    |.--.--  |.|.|)..|
                      .... --.      |.--   |....--   |.|    |.| -- ---.|.|..-|
                                   --.|-----...*|    |"|    |.-----|!....|...--
                                   |..|.|.......|   --"|    |..%...|.--.|.....|
                                 ---........---[--- |..|    ------<|.||.|....--
                                 |..........| |.%%| |.-|      --.|...||.|....--
                                 |.........------)|--.*|      |......-|.|.....|
                                 --.........|.| |.|....|      |...|...|......--
                                  -----.--....| |)...---      |..---.-|..--.--
                                      --------- --..--        ---- ----------
                                                 ----
Drastanta the Adept          St:8 Dx:14 Co:15 In:9 Wi:18 Ch:10  Lawful
Dlvl:11 $:123 HP:0(70) Pw:124(124) AC:-8 Xp:8 T:4512 

Latest messages:
 The leocrotta hits!
 The leocrotta misses!
 The leocrotta misses!
 You hit the leocrotta.
 The leocrotta hits!
 The leocrotta bites!
 The leocrotta hits!
 Your lamp flickers considerably.
 You hit the leocrotta!
 The leocrotta misses!
 The leocrotta bites!
 The leocrotta hits!
 You miss the leocrotta.
 The leocrotta hits!
 The leocrotta bites!
 The leocrotta hits!
 The leocrotta misses!
 The leocrotta misses!
 The leocrotta misses!
 You miss the leocrotta.
 The leocrotta misses!
 The leocrotta bites!
 The leocrotta hits!
 The leocrotta hits!
 The leocrotta misses!
 The leocrotta just misses!
 You miss the leocrotta.
 The leocrotta misses!
 The leocrotta misses!
 The leocrotta hits!
 Are you sure you want to pray? [yn] (n) y
 You begin praying to Blind Io.
 You are surrounded by a shimmering light.
 The leocrotta starts to attack you, but pulls back.
 The leocrotta starts to attack you, but pulls back.
 The leocrotta starts to attack you, but pulls back.
 The leocrotta starts to attack you, but pulls back.
 You finish your prayer.
 You feel that Blind Io is well-pleased.
 You hit the leocrotta.
 The leocrotta hits!
 The leocrotta misses!
 The leocrotta misses!
 The leocrotta hits!
 The leocrotta bites!
 The leocrotta hits!
 The leocrotta hits!
 You die...
 Do you want your possessions identified? [ynq] (y) y
 Do you want to see your attributes? [ynq] (y) q

Inventory:
 Coins    ('$')
  $ - 123 gold pieces
 Weapons  (')')
  a - a blessed +1 mace (weapon in right hand)
 Armor    ('[')
  t - a +0 dwarvish iron helm (being worn)
  M - a +0 pair of kicking boots (being worn)
  c - a +0 small shield (being worn)
  b - a +0 robe (being worn)
  D - a blessed rotproof +3 gray dragon scale mail (being worn)
 Comestibles  ('%')
  e - a clove of garlic
  A - 2 food rations
  f - a sprig of wolfsbane
 Scrolls  ('?')
  O - a cursed scroll of create monster
  J - 2 scrolls of enchant weapon
  R - a scroll of gold detection
  m - 2 scrolls of light
  L - a scroll of remove curse
  k - a cursed scroll of remove curse
 Spellbooks  ('+')
  h - a spellbook of clairvoyance
  g - a spellbook of protection
 Potions  ('!')
  N - a blessed potion of fruit juice
  z - a blessed potion of gain energy
  o - a potion of hallucination
  H - 3 potions of holy water
  i - a potion of unholy water
 Rings    ('=')
  S - a ring of conflict
  s - a cursed ring of hunger
 Wands    ('/')
  P - a blessed wand of magic missile (0:3)
  x - a wand of speed monster (0:4)
  B - a cursed wand of striking (0:0)
 Tools    ('(')
  T - an empty bag of holding
  G - a blindfold
  q - a credit card
  K - a magic whistle
  C - a blessed oil lamp (lit)

Drastanta the Priestess's attributes:

Background:
 You were an Adept, a level 8 human Priestess.
 You were lawful, on a mission for Blind Io
 who was opposed by The Lady (neutral) and Offler (chaotic).
 You were right-handed.
 You were in the Gnomish Mines, on level 11.
 You entered the dungeon 4512 turns ago.
 It was the midnight hour.
 You had 1623 experience points, 937 more were needed to attain level 9.

Basics:
 You had 0 out of 70 hit points.
 You had all 124 energy points (spell power).
 Your armor class was -8.
 Your wallet contained 123 zorkmids.
 Autopickup was on for '$' plus thrown.

Final Characteristics:
 Your strength was 8 (peak:10, limit:18/100).
 Your dexterity was 14 (limit:18).
 Your constitution was 15 (limit:18).
 Your intelligence was 9 (limit:18).
 Your wisdom was 18 (limit:18).
 Your charisma was 10 (limit:18).

Final Status:
 You weren't hungry.
 You were unencumbered.
 You were wielding a mace.
 You were skilled in mace and could have enhanced that.

Final Attributes:
 You were piously aligned.
 You were magic-protected.
 You were guarded.
 Your spell casting was enhanced by wearing a robe.
 You are dead.

Miscellaneous:
 You didn't encounter any bones levels.
 Total elapsed playing time was 46 minutes and 39 seconds.

Major events:
 Turn
    1: Drastanta the lawful human Priestess entered the dungeon
  800: entered the Gnomish Mines
  825: attained the rank of Acolyte (level 3)
 1847: reached Mine Town
 1964: attained the rank of Adept (level 6)
 2287: made her first wish - "Blessed Fixed +3 Gray Dragon Scale Mail", got "a blessed gray dragon scale mail"
 4512: killed by a leocrotta

Spells:
 Name                 Level Category     Fail Retention
 protection             1   clerical       0%   71%-80%
 clairvoyance           3   divination    77%  76%-100%

Skills:
 Fighting Skills
   bare handed combat [Unskilled]
 Weapon Skills
   club               [Unskilled]
   mace               [Skilled]
   morning star       [Unskilled]
   flail              [Unskilled]
   hammer             [Unskilled]
   quarterstaff       [Unskilled]
   polearms           [Unskilled]
   spear              [Unskilled]
   trident            [Unskilled]
   lance              [Unskilled]
   bow                [Unskilled]
   sling              [Unskilled]
   crossbow           [Unskilled]
   dart               [Unskilled]
   shuriken           [Unskilled]
   boomerang          [Unskilled]
   unicorn horn       [Unskilled]
 Spellcasting Skills
   healing spells     [Unskilled]
   divination spells  [Unskilled]
   clerical spells    [Basic]

Voluntary challenges:
 Character rerolling was not enabled.
 You never genocided any monsters.
 You never polymorphed an object.
 You never changed form.
 You used 1 wish.
 You did not wish for any artifacts.
Achievements:
 You entered a shop.
 You entered the Gnomish Mines.
 You attained the rank of Acolyte.
 You entered Minetown.
 You entered a temple.
 You attained the rank of Adept.

 The Dungeons of Doom: levels 1 to 3
    Level 1:
       A fountain.
    Level 2:
       A general store, some fountains, a sink.
    Level 3:
       A fountain, a grave.
       Stairs down to The Gnomish Mines.
 The Gnomish Mines: levels 4 to 11
    Level 4:
    Level 5:
    Level 6:
       Many shops, a temple and an altar, some fountains.
    Level 7:
    Level 8:
    Level 9:
    Level 10:
    Level 11: <- You were here.
       Final resting place for
          you, killed by a leocrotta.


Vanquished creatures:
  a small mimic
  a watchman
  a winter wolf cub
  a lynx
  2 giant spiders
  3 gnome rulers
  a dwarf mummy
  a dwarf leader
 an ape
  a rock piercer
  a rock mole
  a pony
  a fog cloud
  a yellow light
 20 gnome leaders
  3 gnomish wizards
  a kobold mummy
  a gray ooze
  4 giant ants
  a little dog
  a floating eye
 13 dwarves
  a kobold leader
  4 hill orcs
  4 rothes
  a Kop Sergeant
  a monkey
  a dwarf zombie
 an iguana
  7 killer bees
 an acid blob
  a hobbit
  2 large kobolds
  2 hobgoblins
  3 giant rats
 54 gnomes
  4 geckos
  a goblin
  2 sewer rats
  2 lichens
  2 kobold zombies
  3 newts
158 creatures vanquished.

No species were genocided or became extinct.

Game over:
                       ----------
                      /          \
                     /    REST    \
                    /      IN      \
                   /     PEACE      \
                  /                  \
                  |    Drastanta     |
                  |      123 Au      |
                  |   killed by a    |
                  |    leocrotta     |
                  |                  |
                  |                  |
                  |       2026       |
                 *|     *  *  *      | *
        _________)/\\_//(\/(/\)/\//\/|_)_______

Goodbye Drastanta the Priestess...

You died in The Gnomish Mines on dungeon level 11 with 7113 points,
and 123 pieces of gold, after 4512 moves.
You were level 8 with a maximum of 70 hit points when you died.

